 Dungeon Crawl Stone Soup version 0.30.1-4-g462c640d31 (webtiles) character file.

Game seed: 9342536447221744148

35 lonewolfV2 the Trooper (level 3, -7/29 HPs)
             Began as a Demonspawn Fighter on Aug 25, 2023.
             Mangled by Sigmund
             ... wielding a +2 scythe of flaming
              (11 damage)
             ... on level 2 of the Dungeon.
             The game lasted 00:01:37 (1156 turns).

lonewolfV2 the Trooper (Demonspawn Fighter)         Turns: 1156, Time: 00:01:37

Health: -7/29      AC:  6    Str: 18    XL:     3   Next: 16%
Magic:  3/3        EV:  9    Int:  9    God:
Gold:   82         SH:  4    Dex: 12    Spells: 2/2 levels left

rFire   . . .        a - +0 war axe
rCold   . . .        c - +0 buckler
rNeg    . . .        b - +0 scale mail
rPois   .            (no helmet)
rElec   .            (no cloak)
rCorr   .            (no gloves)
SInv    .            (no boots)
Will    .....        (no amulet) Stlth
                     (no ring)
HPRegen 0.24/turn    (no ring)
MPRegen 0.08/turn

%: no passive effects
@: mighty
A: ignite blood 1
a: no special abilities


You were on level 2 of the Dungeon.
You visited 1 branch of the dungeon, and saw 2 of its levels.

You collected 82 gold pieces.

Inventory:

Hand Weapons
 a - a +0 war axe (weapon)
Armour
 b - a +0 scale mail (worn)
 c - a +0 buckler (worn)
Scrolls
 f - a scroll of vulnerability {unknown}
 h - a scroll of teleportation {unknown}
 l - a scroll of identify
Potions
 e - a potion of curing
 g - a potion of flight {unknown}
 i - a potion of brilliance {unknown}
 j - a potion of magic {unknown}
 k - a potion of resistance {unknown}


   Skills:
 + Level 3.3 Fighting
 + Level 2.1 Axes
 + Level 3.1 Armour
 + Level 0.5 Dodging
 + Level 2.9 Shields


You had 2 spell levels left.
You didn't know any spells.
Your spell library contained the following spells:

 Spells                   Type           Power      Damage    Failure   Level
 Poisonous Vapours        Pois/Air       0%         N/A       94%         2
 Mephitic Cloud           Conj/Pois/Air  0%         N/A       99%         3
 Freezing Cloud           Conj/Ice/Air   0%         6-21      100%        5


Dungeon Overview and Level Annotations

Branches:
Dungeon (2/15)

Altars:
Nemelex Xobeh

Annotations:
D:2 Sigmund


Innate Abilities, Weirdness & Mutations

Your demonic aura sometimes causes spilled blood to erupt in flames.


Message History

The bat hits you but does no damage. Sigmund hits you but does no damage.
The bat hits you but does no damage.
You closely miss Sigmund. You hit the bat.
You kill the bat!
Sigmund closely misses you.
You hit Sigmund.
Sigmund is lightly wounded.
Sigmund is suddenly surrounded by pale green light.
Sigmund closely misses you.
You barely miss Sigmund.
Sigmund is lightly wounded.
Sigmund hits you but does no damage.
You hit Sigmund but do no damage.
Sigmund is lightly wounded.
Sigmund closely misses you.
You closely miss Sigmund.
Sigmund is lightly wounded.
You hit Sigmund.
Sigmund is lightly wounded.
Sigmund casts a spell at you. You block the puff of flame.
Sigmund hits you with a +2 scythe of flaming.
Sigmund burns you.
A quokka comes into view.
You feel very mighty all of a sudden.
You barely miss Sigmund.
Sigmund is lightly wounded.
Sigmund closely misses you. The quokka bites you.
You barely miss Sigmund.
Sigmund is lightly wounded.
You miss the quokka.
Sigmund hits you with a +2 scythe of flaming!
* * * LOW HITPOINT WARNING * * *
Sigmund burns you.
* * * LOW HITPOINT WARNING * * *
The quokka bites you but does no damage.
You feel better. The quokka bites you.
* * * LOW HITPOINT WARNING * * *
Sigmund hits you with a +2 scythe of flaming!
You die...

##.### ##..#
#..## ###.##
######...#
#......###
.######.#.#.##
........#.#.#
#@..#.#
#r@###.# #.##
#.# #. #.) ..
.## ... ....
.....


You could see Sigmund and a quokka.

Vanquished Creatures
  A dart slug (D:1)
  A ball python (D:1)
  3 bats
  4 endoplasms
  2 giant cockroaches (D:1)
  2 goblins
  3 hobgoblins
  5 quokkas
  3 frilled lizards (D:1)
  3 kobolds (D:1)
27 creatures vanquished.

Notes
Turn   | Place    | Note
-------+----------+-------------------------------------------
     0 | D:1      | lonewolfV2 the Demonspawn Fighter began the quest for the
                  | Orb.
     0 | D:1      | Reached XP level 1. HP: 18/18 MP: 1/1
   121 | D:1      | Gained mutation: Your demonic aura sometimes causes spilled
                  | blood to erupt in flames. [demonic ancestry]
   121 | D:1      | Reached XP level 2. HP: 22/24 MP: 2/2
   700 | D:2      | Reached XP level 3. HP: 29/29 MP: 3/3
  1022 | D:2      | Found a sparkling altar of Nemelex Xobeh.
  1133 | D:2      | Noticed Sigmund
  1156 | D:2      | Mangled by Sigmund

Illustrated notes

Levels and vault maps discovered:
D:1:      lightli_arrival_chessboard, layout_loops_ring, st_stairs_2,
          hangedman_decor_growths, minmay_pentomino_s4
D:2:      layout_basic, basic_altar, uniq_sigmund, uniq_natasha

Skill      XL: |  1  2 |
---------------+-------+-----
Armour         | 3 |  3.1
Axes           | 2 |  2.1
Fighting       | |  3.3
Dodging        | |  0.5
Shields        | |  2.9

Action                     || total
---------------------------++-------
  Melee: War axe           ||    78
    Use: Scroll            ||     3
         Potion            ||     2
 Armour: Scale mail        ||    63
  Dodge: Dodged            ||    51
  Block: Buckler           ||    36
